 Dungeon Crawl Stone Soup version 0.28-a0-1510-gd0f6b136d3 (webtiles) character file.

Game seed: 7937648342460257229

7 horus123 the Grave Robber (level 1, 0/10 HPs)
             Began as a Deep Elf Necromancer on Jan 16, 2022.
             Slain by a quokka (1 damage)
             ... on level 1 of the Dungeon.
             The game lasted 00:00:34 (321 turns).

horus123 the Grave Robber (Deep Elf Necromancer)     Turns: 321, Time: 00:00:35

Health: 0/10       AC:  2    Str:  5    XL:     1   Next: 91%
Magic:  3/7        EV: 12    Int: 19    God:
Gold:   0          SH:  0    Dex: 15    Spells: 6/7 levels left

rFire   . . .      SeeInvis .   (no weapon)
rCold   . . .      Faith    .   (no shield)
rNeg    . . .      Spirit   .   a - +0 robe
rPois   .          Reflect  .   (no helmet)
rElec   .          Harm     .   (no cloak)
rCorr   .          Rampage  .   (no gloves)
Will    .....                   (no boots)
Stlth   ++........              (no amulet)
HPRegen 0.03/turn               (no ring)
MPRegen 0.10/turn               (no ring)

@: no status effects
A: no striking features
a: no special abilities


You were on level 1 of the Dungeon.
You visited 1 branch of the dungeon, and saw 1 of its levels.

Inventory:

Armour
 a - a +0 robe (worn)
Potions
 b - a potion of curing {unknown}


   Skills:
 - Level 2.4 Dodging
 - Level 2.4 Stealth
 + Level 3.6 Spellcasting
 - Level 5.0 Necromancy


You had 6 spell levels left.
You knew the following spells:

 Your Spells              Type           Power      Damage    Failure   Level
a - Pain                  Necr           88%        1d8       1%          1

Your spell library contained the following spells:

 Spells                   Type           Power      Damage    Failure   Level
 Animate Skeleton         Necr           44%        N/A       1%          1
 Vampiric Draining        Necr           22%        2d7       5%          3
 Animate Dead             Necr           11%        N/A       19%         4
 Agony                    Necr           22%        N/A       45%         5


Dungeon Overview and Level Annotations

Branches:
Dungeon (1/15)

Altars:


Message History

Found a stone staircase leading down.
A quokka comes into view.
The quokka moves out of view.
A quokka and a goblin come into view.
The quokka writhes in agony.
There are monsters nearby!
The quokka writhes in agony!
You kill the quokka!
A goblin is nearby!
The goblin shouts!
The goblin writhes in agony.
You kill the goblin!
Things that are here:
a +0 club; a goblin corpse
Found a hand axe.
A kobold and a quokka come into view.
A dart slug comes into view.
Found a runed leather armour.
The kobold shouts!
You hear a shout!
A rat comes into view.
The kobold writhes in agony.
An endoplasm comes into view.
The quokka writhes in agony.
The endoplasm quivers.
A kobold comes into view. It is wielding a +0 short sword.
The quokka barely misses you.
The kobold writhes in agony.
You kill the kobold!
The quokka bites you.
* * * LOW HITPOINT WARNING * * *
You are too injured to fight recklessly!
The quokka bites you.
* * * LOW HITPOINT WARNING * * *
Aiming: Pain (safe; 1% risk of failure)
Press: ? - help, Q - select action Shift-Dir - straight line, f - quokka
Aim: a quokka (heavily wounded, chance to affect: 91%)
The quokka writhes in agony.
The quokka bites you but does no damage.
The quokka bites you.
You die...

#..#.........#
#....).......#
#..).......#
#....K.....#
#..Jw......#
#....r.....## ####
##........... ..#
#.##r#.#### #.#
#.##@#[###########.##
#.##.#.##..#.........
#.##..#.#.##.#..........
#.....)....##.......#.#.
#.###.#.####......#.#.#.
# #.#.# #.....##.#.#.
#...# #.......⌠#.#⌠
##..####..#######.##
#..##...........<..


You could see a dart slug, an endoplasm, a quokka, a kobold and a rat.

Vanquished Creatures
  A goblin (D:1)
  A kobold (D:1)
  A quokka (D:1)
  3 ball pythons (D:1)
  A frilled lizard (D:1)
  A rat (D:1)
8 creatures vanquished.

Notes
Turn   | Place    | Note
-------+----------+-------------------------------------------
     0 | D:1      | horus123 the Deep Elf Necromancer began the quest for the
                  | Orb.
     0 | D:1      | Reached XP level 1. HP: 10/10 MP: 6/6
    80 | D:1      | Reached skill level 5 in Necromancy
   321 | D:1      | Slain by a quokka

Illustrated notes

Levels and vault maps discovered:
D:1:      matt_arrival_grand_opening, layout_basic

Skill      XL: |  1 |
---------------+----+-----
Necromancy     | 5 |  5.0
Dodging        | |  2.4
Stealth        | |  2.4
Spellcasting   | |  3.6

Action                   || total
-------------------------++-------
 Cast: Pain              ||    12
Armor: Robe              ||     1
Dodge: Dodged            ||     1

Table legend: (Time is in decaauts)
 A = Elapsed time spent in this place.
 B = Non-inter-level travel time spent in this place.
 C = Inter-level travel time spent in this place.
 D = Time resting spent in this place.
 E = Time spent auto-exploring this place.
 F = Levels seen in this place.
 G = Mean time per level.
                   A        B        C        D        E       F      G
               +--------+--------+--------+--------+--------+-----+--------+
         Total |    321 |    321 |      0 |      0 |    280 |   1 |  321.0 |
       Dungeon |    321 |    321 |      0 |      0 |    280 |   1 |  321.0 |
               +--------+--------+--------+--------+--------+-----+--------+

Top non-repeatable levels by time:
     D:1: 321 daAuts
